Cogmind - Beta 13 @@@ ROGUE MODE // 2024.04.24 @ 13:08:39 Player: Barbarossa Result: Destroyed by Y-54 Guardian with Gatling Laser Performance ------------- Evolutions (3) 1500 Regions Visited (4) 800 Robots Destroyed (117) 585 Value Destroyed (3043) 3043 Prototype IDs (10) 200 Alien Tech Used (0) 0 Bonus (104) 104 TOTAL SCORE: 6232 Bonus ------- High Alert Combat Kills 104 Cogmind --------- Core Integrity 0/700 Matter 300/300 Energy 99/100 System Corruption 1% Temperature Cool (6) Movement Rolling (130) Ox2 Location -7/Factory Parts ------- > --- POWER (1) -------- (None) > --- PROPULSION (4) --- Compact Wheel > --- UTILITY (6) ------ High-capacity Storage Unit Advanced Visual Processing Unit Signal Interpreter Improved Melee Analysis Suite Hacking Suite > --- WEAPON (2) ------- (None) > --- INVENTORY (20) --- Improved Heat Sink Cooling System High-capacity Storage Unit High-capacity Battery (250) Improved Targeting Computer Energy Filter Microactuators Plasma Cannon Improved Datajack Peak State ------------ > --- POWER ------------ Improved Deuterium Engine > --- PROPULSION ------- Light Treads Armored Treads Improved Titanium Leg Improved Titanium Leg > --- UTILITY ---------- Improved Heat Sink Large Storage Unit Advanced Visual Processing Unit Signal Interpreter Particle Charger Hacking Suite > --- WEAPON ----------- Field Laser Precision Beam Rifle > --- INVENTORY -------- Carbon-fiber Leg Titanium Leg Improved Titanium Leg Compact Wheel Compact Wheel Compact Wheel Compact Wheel Compact Wheel High-capacity Battery Microactuators Gatling Laser Improved Spread Laser Improved Datajack Greatsword [Rating: 41] Favorites ----------- Power Improved Ion Engine Engine Improved Ion Engine Power Core Nuclear Core Propulsion Improved Titanium Leg Treads Light Treads Leg Improved Titanium Leg Wheel Compact Wheel Hover Unit Aerolev Unit Utility Hacking Suite Device Improved Heat Sink Storage Large Storage Unit Processor Signal Interpreter Hackware Hacking Suite Protection Improved Medium Armor Plating Weapon Spread Laser Energy Gun Spread Laser Energy Cannon Plasma Cannon Ballistic Gun Assault Rifle Slashing Weapon Greatsword Build | -11 -10 -9 -8 -7 ------- Run | Yrd Mat Mat Mat Fac Slots Evolved 6 | . . 2 2 2 Power . | . . . . . Propulsion 2 | . . 1 1 . Utility 4 | . . 1 1 2 Weapon . | . . . . . Parts Attached 83 | . 10 5 28 40 Power 10 | . 1 1 2 6 Engine 9 | . 1 1 2 5 Core 1 | . . . . 1 Reactor . | . . . . . Propulsion 31 | . 3 2 11 15 Treads 9 | . . 1 4 4 Leg 8 | . . . 5 3 Wheel 13 | . 3 1 1 8 Hover 1 | . . . 1 . Flight . | . . . . . Utility 18 | . 2 1 2 13 Device 7 | . 1 . . 6 Storage 4 | . 1 . 1 2 Processor 3 | . . . 1 2 Hackware 3 | . . 1 . 2 Protection 1 | . . . . 1 Artifact . | . . . . . Weapon 24 | . 4 1 13 6 Energy Gun 22 | . 4 1 13 4 Energy Cannon 1 | . . . . 1 Ballistic Gun . | . . . . . Ballistic Cannon . | . . . . . Launcher . | . . . . . Special Weapon . | . . . . . Impact Weapon . | . . . . . Slashing Weapon 1 | . . . . 1 Piercing Weapon . | . . . . . Special Melee Weapon . | . . . . . Unidentified Prototypes 4 | . . . 2 2 Parts Lost 33 | . 3 2 4 24 Power 4 | . . . 1 3 Propulsion 17 | . 1 2 1 13 Utility 5 | . . . . 5 Weapon 7 | . 2 . 2 3 Highest Loss Streak 9 | . 3 2 4 9 To Critical Strikes . | . . . . . Average Slot Usage (%) 94 | . 91 90 98 91 Engine 8 | . 14 11 9 3 Treads 11 | . . 11 17 9 Leg 10 | . 3 . 17 8 Wheel 6 | . 20 13 . 6 Device 10 | . 9 11 9 13 Storage 9 | . 14 11 9 7 Processor 8 | . . . 8 15 Hackware 7 | . . 11 9 7 Energy Gun 18 | . 27 21 17 13 Naked Turns . | . . . . . Heaviest Build 68 | 12 30 34 35 68 Greatest Support 60 | 20 32 20 40 60 Greatest Overweight (x) 4 | . 1 2 2 4 Average Overweight (x) . | . . 1 . . Largest Inventory Capacity 20 | . 15 15 15 20 Average Capacity 15 | . 13 15 15 17 Most Carried 16 | . 15 15 15 16 Average Carried 13 | . 9 14 14 14 Final Capacity 20 | 8 15 15 15 20 Final Carried 15 | 6 15 14 15 9 Class Distribution -------------------- 73% | Mutant 26% | Scavenger-Mutant Dominant Class ---------------- Mutant | -10/Materials Mutant | -9/Materials Mutant | -8/Materials Scavenger-Mutant | -7/Factory Resources | -11 -10 -9 -8 -7 ----------- Run | Yrd Mat Mat Mat Fac Matter Collected 1015 | 200 103 50 298 364 Remotely . | . . . . . Salvage Created 4250 | . 543 307 1617 1783 Parts 214 | . 47 26 60 81 Haulers Intercepted 9 | . 1 1 5 2 Recyclers Shooed 13 | . 1 . 9 3 Parts Field Recycled . | . . . . . Retrieved Matter . | . . . . . Parts Self-Destructed . | . . . . . Prevented . | . . . . . Kills | -11 -10 -9 -8 -7 ------- Run | Yrd Mat Mat Mat Fac Combat Hostiles Destroyed 71 | . 12 12 20 27 Guns 68 | . 12 12 20 24 AOE 1 | . . . . 1 Classes Destroyed 13 | . 7 1 3 2 Worker 2 | . . . 1 1 Builder 4 | . 1 . . 3 Hauler 9 | . 1 1 5 2 Recycler 21 | . 4 1 11 5 Operator 3 | . 1 . . 2 Watcher 7 | . 3 . 4 . Swarmer 22 | . 6 7 3 6 Grunt 27 | . 6 2 8 11 Brawler 2 | . . . 2 . Sentry 12 | . . 3 5 4 Specialist 1 | . . . . 1 Hunter 5 | . . . 2 3 Programmer 2 | . . . . 2 Best Kill Streak 7 | . 4 5 4 7 Combat Bots Only 5 | . 3 4 3 5 Max Kills in Single Turn 3 | . 1 1 1 3 Gunslinging . | . . . . . Exploded 1 | . . . . 1 Melee . | . . . . . Uniques/NPCs Destroyed . | . . . . . Combat | -11 -10 -9 -8 -7 -------- Run | Yrd Mat Mat Mat Fac Hostile Shots Fired 562 | . 51 54 89 368 Missed 165 | . 9 10 19 127 Damage Taken 5214 | . 432 466 1187 3129 Core 1134 | . 109 111 203 711 Absorbed by Shields . | . . . . . Regen/Repaired (Parts) 122 | . . 57 . 65 Core Remaining (%) 72 | 100 56 72 63 . Volleys Fired 286 | . 41 31 107 107 Largest 2 | . 2 2 2 2 Hottest 160 | . 130 130 130 160 Shots Fired 538 | . 77 62 202 197 Gun 532 | . 77 62 202 191 Cannon 6 | . . . . 6 Launcher . | . . . . . Special . | . . . . . Kinetic . | . . . . . Thermal 538 | . 77 62 202 197 Explosive . | . . . . . Electromagnetic . | . . . . . Robot Hit Streak 19 | . 17 7 19 14 Robot Miss Streak 10 | . 10 10 8 5 Penetration Max . | . . . . . Secondary Targets 6 | . 3 . 1 2 Max Gunslinging Chain 1 | . 1 . 1 1 Shots Hit Robots 441 | . 64 50 169 158 Core Hits 424 | . 82 53 213 76 Critical Kills . | . . . . . Critical Parts Destroyed . | . . . . . Critical Strikes 18 | . . . 1 17 Burn 18 | . . . 1 17 Melee Attacks 5 | . . . . 5 Impact . | . . . . . Slashing 5 | . . . . 5 Piercing . | . . . . . Sneak Attacks . | . . . . . Combat Hostiles . | . . . . . Follow-up Attacks . | . . . . . Damage Inflicted 7447 | . 877 632 2443 3495 Guns 6765 | . 872 632 2395 2866 Cannons 157 | . . . . 157 Explosions 256 | . . . . 256 Melee 216 | . . . . 216 Ramming 53 | . 5 . 48 . Kinetic . | . . . . . Thermal 7178 | . 872 632 2395 3279 Explosive . | . . . . . Electromagnetic . | . . . . . Impact . | . . . . . Slashing 216 | . . . . 216 Piercing . | . . . . . Highest Corruption 6 | . 3 . 6 1 Average Corruption 2 | . 2 . 2 1 Corruption Purged . | . . . . . Corruption Blocked . | . . . . . Effects 29 | . 6 . 22 1 Message Errors 6 | . . . 5 1 Matter Fused 8 | . 1 . 7 . Heat Flow Errors 4 | . 2 . 2 . Energy Discharges 4 | . 1 . 3 . Data Loss (minor) 3 | . 2 . 1 . Data Loss (major) 2 | . . . 2 . Misfires 1 | . . . 1 . Alerts 1 | . . . 1 . Overload Shots . | . . . . . Overflow Damage 112 | . . . . 112 Projectiles . | . . . . . Explosions 112 | . . . . 112 Melee . | . . . . . Knockbacks . | . . . . . Impact . | . . . . . Kinetic . | . . . . . Secondary . | . . . . . Self-Inflicted Damage 89 | . 2 . . 87 Shots 2 | . . . . 2 Rammed 1 | . 1 . . . Targets Rammed 7 | . 1 . 6 . Kicked 6 | . . . 6 . Crushed . | . . . . . Highest Temperature 428 | . 428 90 186 222 Average Temperature 57 | . 116 33 34 55 Received Heat Transfer 1593 | . 153 69 486 885 Effects 4 | . 2 . . 2 Interference 4 | . 2 . . 2 Siege Activations . | . . . . . Robots Corrupted . | . . . . . Combat Hostiles . | . . . . . Parts Fried . | . . . . . Impact Corruptions . | . . . . . Robots Melted 2 | . . . . 2 Combat Hostiles 2 | . . . . 2 Parts Melted 26 | . 1 . 3 22 Heat Transferred 13138 | . 1085 800 3309 7944 Parts Sabotaged . | . . . . . Parts Stolen . | . . . . . Parts Stripped . | . . . . . Power Chain Reactions . | . . . . . Alert | -11 -10 -9 -8 -7 ------- Run | Yrd Mat Mat Mat Fac Peak Influence 578 | . 262 291 415 578 Initial 172 | . . 14 105 172 Average 212 | . 94 146 208 311 Maximum Alert Level 2 | . 1 1 2 2 Low Security (%) 52 | . 95 57 48 34 Level 1 34 | . 4 42 45 29 Level 2 12 | . . . 6 36 Level 3 . | . . . . . Level 4 . | . . . . . Level 5 . | . . . . . High Security . | . . . . . Max Security . | . . . . . Squads Dispatched 16 | . 2 2 2 10 Investigation 7 | . 1 2 2 2 Extermination 2 | . . . . 2 Reinforcement 4 | . 1 . . 3 Assault 1 | . . . . 1 Garrison 2 | . . . . 2 Intercept . | . . . . . Searches Triggered . | . . . . . Construction Impeded . | . . . . . Haulers Reinforced 1 | . . . . 1 Active Scanning Responses . | . . . . . Cargo Convoy Interrupts . | . . . . . Stealth | -11 -10 -9 -8 -7 --------- Run | Yrd Mat Mat Mat Fac Distress Signals 3 | . . . . 3 Communications Jammed . | . . . . . Distress Signals . | . . . . . Times Spotted 126 | . 21 23 39 43 Peak Tracking Total 7 | . 5 5 4 7 Tactical Retreats 6 | . . 2 2 2 Traps | -11 -10 -9 -8 -7 ------- Run | Yrd Mat Mat Mat Fac Traps Triggered 7 | . 3 . 2 2 Indirectly . | . . . . . Trap Hack Attempts . | . . . . . Triggered . | . . . . . Disarmed . | . . . . . Reprogrammed . | . . . . . Reused . | . . . . . Traps Extracted . | . . . . . Installed . | . . . . . Triggered . | . . . . . Machines | -11 -10 -9 -8 -7 ---------- Run | Yrd Mat Mat Mat Fac Machines Disabled 6 | . . . . 6 Max in Single Turn 6 | . . . . 6 Machines Repaired . | . . . . . Machines Dismantled . | . . . . . Machines Sabotaged . | . . . . . Overloaded Fab Kills . | . . . . . Hacking | -11 -10 -9 -8 -7 --------- Run | Yrd Mat Mat Mat Fac Machines Accessed 23 | . 5 4 7 7 Terminals 16 | . 5 2 6 3 Fabricators . | . . . . . Repair Stations 2 | . . 1 . 1 Recycling Units 1 | . . . . 1 Scanalyzers 4 | . . 1 1 2 Garrison Access . | . . . . . Total Hacks 66 | . 13 12 25 16 Successful 47 | . 11 4 20 12 Failed 18 | . 2 8 4 4 Catastrophic 3 | . . 2 1 . Database Lockouts 1 | . . . 1 . Manual 25 | . 5 6 11 3 Terminals 43 | . 13 6 17 7 Fabricators . | . . . . . Repair Stations 6 | . . 3 . 3 Recycling Units 1 | . . . . 1 Scanalyzers 16 | . . 3 8 5 Garrison Access . | . . . . . Terminal Hacks 15 | . 6 . 6 3 Part Schematic 2 | . . . 1 1 Robot Analysis 2 | . . . . 2 Prototype ID Bank 4 | . 2 . 2 . Emergency Access Points 1 | . . . 1 . Terminal Index 1 | . . . 1 . Alert Level 1 | . 1 . . . Unreport Threat 1 | . 1 . . . Locate Traps 2 | . 2 . . . Registered Components 1 | . . . 1 . Fabricator Hacks . | . . . . . Repair Station Hacks 4 | . . 2 . 2 Scan Component 2 | . . 1 . 1 Repair 2 | . . 1 . 1 Recycling Unit Hacks 1 | . . . . 1 Report Inventory 1 | . . . . 1 Scanalyzer 14 | . . 1 8 5 Insert Component 7 | . . 1 4 2 Analyze 7 | . . . 4 3 Garrison Access Hacks . | . . . . . Unauthorized Hacks 13 | . 5 1 6 1 Terminals 13 | . 5 1 6 1 Botnet 13 | . 5 1 6 1 Fabricators . | . . . . . Repair Stations . | . . . . . Recycling Units . | . . . . . Scanalyzers . | . . . . . Garrison Access . | . . . . . Data Cores Recovered 1 | . . . . 1 Used 1 | . . . . 1 Hacking Detections 20 | . 5 4 6 5 Full Trace Events 6 | . . 3 1 2 Feedback Events 1 | . . . 1 . Corruption 1 | . . . 1 . Feedback Blocked . | . . . . . Robot Schematics Acquired . | . . . . . Robots Built . | . . . . . Authchips . | . . . . . Time . | . . . . . Total Robot Build Rating . | . . . . . Part Schematics Acquired 8 | . . . 5 3 Parts Built . | . . . . . Authchips . | . . . . . Time . | . . . . . Total Part Build Rating . | . . . . . Parts Repaired 2 | . . 1 . 1 Time 54 | . . 32 . 22 Parts Recycled . | . . . . . Recycled Matter . | . . . . . Retrieved Matter . | . . . . . Retrieved Components . | . . . . . Parts Scanalyzed 7 | . . 1 4 2 Part Schematics Acquired 6 | . . . 4 2 Parts Damaged 1 | . . . 1 . Bothacking | -11 -10 -9 -8 -7 ------------ Run | Yrd Mat Mat Mat Fac Used RIF Installer . | . . . . . Robots Hacked . | . . . . . Non-combat . | . . . . . Combat . | . . . . . Robot Hacks Applied . | . . . . . Relay Couplers Released . | . . . . . Fabnet Peak Effective % . | . . . . . Robots Rewired . | . . . . . Allies Hacked . | . . . . . Hacks Repelled . | . . . . . Allies | -11 -10 -9 -8 -7 -------- Run | Yrd Mat Mat Mat Fac Total Allies . | . . . . . Largest Group . | . . . . . Highest-Rated Group . | . . . . . Highest-Rated Ally . | . . . . . Total Orders . | . . . . . Ally Attacks . | . . . . . Total Damage . | . . . . . Kills . | . . . . . Allies Corrupted . | . . . . . Allies Melted . | . . . . . Intel | -11 -10 -9 -8 -7 ------- Run | Yrd Mat Mat Mat Fac Robot Analysis Total 2 | . . . . 2 Derelict Logs Recovered . | . . . . . Drone Launches . | . . . . . Drone Recoveries . | . . . . . Exploration | -11 -10 -9 -8 -7 ------------- Run | Yrd Mat Mat Mat Fac Turns Passed 4794 | . 762 536 2153 1343 Spaces Moved 2537 | 1 467 218 1162 689 Core . | . . . . . Treads 239 | . . 107 132 . Legs 1413 | 1 71 . 953 388 Wheels 885 | . 396 111 77 301 Hover . | . . . . . Flight . | . . . . . Fastest Speed 100 | 120 100 130 130 108 Average Speed 137 | 120 105 183 148 124 Slowest Speed 240 | 120 120 240 225 160 Overloaded Moves . | . . . . . Propulsion Burnouts . | . . . . . Robots Hopped . | . . . . . Cave-ins Triggered . | . . . . . Exploration Rate (%) 37 | 2 81 21 62 21 Regions Visited 4 Branch Regions . Pre-discovered Areas . | . . . . . Known Exits Taken 1 | . . . 1 . Unknown Exits Taken 3 | 1 1 1 . . Scrap Searched . | . . . . . Spaces Dug . | . . . . . Terrain Destroyed 12 | . . . . 12 Melee . | . . . . . Projectile . | . . . . . AOE 12 | . . . . 12 Terrain Rammed . | . . . . . Walls Destroyed . | . . . . . Machines Disabled . | . . . . . Actions | -11 -10 -9 -8 -7 --------- Run | Yrd Mat Mat Mat Fac Total 3313 | . 659 291 1399 964 Wait 267 | . 119 35 39 74 Move 2533 | . 466 217 1161 689 Hop . | . . . . . Pick Up 69 | . 16 2 25 26 Fast Attach 18 | . 2 1 8 7 Attach 41 | . 4 3 10 24 Detach 3 | . . . 1 2 Swap 24 | . 4 1 10 9 Drop 60 | . 6 1 32 21 Fire 286 | . 41 31 107 107 Melee 5 | . . . . 5 Ram 1 | . 1 . . . Kick 6 | . . . 6 . Crush . | . . . . . Escape Stasis . | . . . . . Rewire . | . . . . . Trap . | . . . . . Miscellaneous . | . . . . . Route ------- -11/Scrapyard -10/Materials (discovered 3 exits: *Mat x2 / [*Min]) -9/Materials -8/Materials -7/Factory (discovered 1 exit: [*Fac]) History --------- Turn | Location | Event 1 | -11/Scrapyard | Discovered new exit (range 0) 1 | -11/Scrapyard | Entered Materials 117 | -10/Materials | Discovered new exit (range 12) 150 | -10/Materials | Discovered new exit (range 7) 303 | -10/Materials | Lost 3 parts (1n2w) 313 | -10/Materials | Build established: Mutant 434 | -10/Materials | Discovered new exit (range 13) 763 | -10/Materials | Entered another Materials area 763 | -9/Materials | Evolved 2 slots: Propulsion x1, Utility x1 1097 | -9/Materials | Repaired Spread Laser 1176 | -9/Materials | Discovered new exit (range 14) 1299 | -9/Materials | Entered another Materials area 1299 | -8/Materials | Evolved 2 slots: Propulsion x1, Utility x1 2626 | -8/Materials | Discovered new exit (range 3) 3108 | -8/Materials | Central database locked down 3187 | -8/Materials | Lost 4 parts (1p1n2w) 3444 | -8/Materials | Identified exit to Factory 3452 | -8/Materials | Entered Factory 3452 | -7/Factory | Evolved 2 slots: Utility x2 3583 | -7/Factory | Build established: Scavenger-Mutant 4130 | -7/Factory | Build established: Mutant 4389 | -7/Factory | Repaired Gatling Laser 4487 | -7/Factory | Build established: Scavenger-Mutant 4618 | -7/Factory | Discovered new exit (range 20) 4627 | -7/Factory | Garrison activated, responded to threat 4637 | -7/Factory | Core integrity fell below 50% 4652 | -7/Factory | First assault squad dispatched 4729 | -7/Factory | Lost 9 parts (2p5n1u1w) 4785 | -7/Factory | Core integrity fell below 20% 4795 | -7/Factory | Destroyed by Y-54 Guardian with Gatling Laser Last Messages --------------- 04762_ Gatling Laser destroyed. 04762_ Acquired 5 matter. 04763_ K-01 Serf collects debris. 04763_ K-01 Serf cleans the Power Conduit. 04763_ K-01 Serf collects debris. 04774_ Overheating: System interference. 04774_ Plasma Cannon temporarily disabled. 04774_ Y-54 Guardian heat spikes uncontrollably. 04778_ R-06 Scavenger collects Lgt. Ion Engine. 04778_ Com. Wheel destroyed. 04778_ Wheel destroyed. 04778_ K-01 Serf destroyed. 04778_ Imp. Deuterium Engine destroyed. 04780_ K-01 Serf collects debris. 04781_ Hacking Suite destroyed. 04782_ K-01 Serf collects debris. 04789_ Lgt. Treads destroyed. 04792_ Greatsword destroyed. 04794_ Imp. Medium Armor Plating destroyed. 04794_ Critical hit (Burn: +37). Map ----- +----------------------------------------------------+ | ##### #?????????????????????????????????????? | | ??# #?????????????????????????????????????? | | "" # #?????????????????????????????????????? | | "" # #?????????????????????????????????????? | | "" # #??#####+#####????????????????????????? | | "" # #??# #????????????????????????? | | # #??# #????????????????????????? | | # #??# #????????????????????????? | | # #??# #????????????????????????? | | !!! # #?## #????????????????????????? | | !!??# #### #????????????????????????? | | !???####+###### #????????????????????????? | | ###### #????????????????????????? | | [[ %r * #????????????????????????? | | [ "% [ #????????????????????????? | | !%! #????????????????????????? | | #????????????????????????? | | """"""" = #????????????????????????? | | /%= #????????????????????????? | | """"""" #????????????????????????? | | =%[ %!#??????????????? ??????? | | """"""" | kg g%##########+### ?????? | | k !gg ?????? | | ?"""""" k ????? | | ?? k !% Y ????? | | ?? m @ ????? | | ? Y k ????? | | ??######+####### ############## ????? | | ?????? ? # ##########??????????????? /??????? | | ?????# "" ##?###???????????????????????????????? | | ?????#? "" ?????????????????????????????????????? | | ????????""" ?????????????????????????????????????? | | ????????"""??????????????????????????????????????? | | ?????????????????????????????????????????????????? | | ?????????????????????????????????????????????????? | | ?????????????????????????????????????????????????? | | ?????????????????????????????????????????????????? | | ?????????????????????????????????????????????????? | | ?????????????????????????????????????????????????? | | ?????????????????????????????????????????????????? | | ?????????????????????????????????????????????????? | | ?????????????????????????????????????????????????? | | ?????????????????????????????????????????????????? | | ?????????????????????????????????????????????????? | | ?????????????????????????????????????????????????? | | ?????????????????????????????????????????????????? | | ?????????????????????????????????????????????????? | | ?????????????????????????????????????????????????? | | ?????????????????????????????????????????????????? | | ?????????????????????????????????????????????????? | +----------------------------------------------------+ Best States ------------- Heat Dissipation 53 Energy Generation 16 Energy Capacity 290 Matter Stores 300 Matter Capacity 300 Sight Range 20 Terrain Scan Density 10 Armor Coverage 225 Evasion (%) 55 Melee Accuracy 6 Recoil Reduction 1 Energy Filtering 30 Particle Charging 15 Offensive Hacking 20 Item Schematics ----------------- Cargo Storage Unit | -8/Materials | Hacked Greatsword | -8/Materials | Scanalyzed Imp. Titanium Leg | -8/Materials | Scanalyzed Hcp. Battery | -8/Materials | Scanalyzed Adv. Visual Processing Unit | -8/Materials | Scanalyzed Imp. Spread Laser | -7/Factory | Scanalyzed Cooling System | -7/Factory | Scanalyzed Imp. Cooling System | -7/Factory | Hacked Robot Schematics ------------------ None Fabricated ------------ Nothing Alien Tech Used ----------------- None Achievements -------------- None Challenges ------------ None Game ------ Seed FissionHypercooledFragment Manual? 0 Play Time 00:41:52 Cumulative 123.8 hours Start 2024.04.24 @ 12:29:45 End 2024.04.24 @ 13:08:39 Sessions 1 Manual Loads 0 Difficulty Rogue Special Mode None Game No. 240 Rogue 240 Adventurer 0 Explorer 0 Win Type - Total 0 Types 0/0/0/0/0/0/0/0/0 Lore% 33 Gallery% 46 Achievement% 32 Wizard Run 0 Options --------- Layout 1 ASCII 0 Keyboard 0 Movement Mouse Keybinds 0 Fullscreen 1 Font 24/Smallcaps Map View 50x40 Zoom Use 0% Tactical HUD 1 Map Filters NONE Filters NONE Steam 1 RUN: 8e10f1a6-c99a-40b4-b396-6cc44a5b68c3